 Dungeon Crawl Stone Soup version 0.29-a0-723-gce39da1c22 (webtiles) character file.

Game seed: 9946090109194545292

65 ytrimaz the Trooper (level 3, -2/30 HPs)
             Began as a Demonspawn Fighter on June 28, 2022.
             Killed by divine providence
             ... invoked by an orc priest
              (12 damage)
             ... on level 3 of the Dungeon.
             The game lasted 00:03:31 (1821 turns).

ytrimaz the Trooper (Demonspawn Fighter)            Turns: 1821, Time: 00:03:32

Health: -2/30      AC:  6    Str: 18    XL:     3   Next: 94%
Magic:  3/3        EV:  9    Int:  9    God:
Gold:   123        SH:  4    Dex: 12    Spells: 2/2 levels left

rFire   . . .      SeeInvis .   a - +0 war axe
rCold   . . .      Faith    .   c - +0 buckler
rNeg    . . .      Spirit   .   b - +0 scale mail
rPois   .          Reflect  .   (helmet restricted)
rElec   .          Harm     .   (no cloak)
rCorr   .          Rampage  .   (no gloves)
Will    .....                   (no boots)
Stlth   ..........              (no amulet)
HPRegen 0.10/turn               (no ring)
MPRegen 0.08/turn               (no ring)

@: mighty
A: antennae 1
a: no special abilities


You were on level 3 of the Dungeon.
You visited 1 branch of the dungeon, and saw 3 of its levels.

You collected 123 gold pieces.

Inventory:

Hand Weapons
 a - a +0 war axe (weapon)
Armour
 b - a +0 scale mail (worn)
 c - a +0 buckler (worn)
Jewellery
 j - a ring of wizardry
Wands
 o - a wand of mindburst (13)
Scrolls
 f - 2 scrolls of teleportation
 h - a scroll of fear
 i - a scroll of noise
 n - a scroll of vulnerability
Potions
 g - a potion of brilliance
 k - 2 potions of flight
 l - a potion of haste {unknown}


   Skills:
 + Level 4.2 Fighting
 - Level 1.7 Axes
 - Level 2.6 Armour
 + Level 3.5 Shields


You had 2 spell levels left.
You didn't know any spells.
Your spell library contained the following spells:

 Spells                   Type           Power      Damage    Failure   Level
 Animate Armour           Summ/Erth      0%         N/A       100%        4
 Blade Hands              Tmut           0%         N/A       100%        5
 Iron Shot                Conj/Erth      0%         9d1       100%        6


Dungeon Overview and Level Annotations

Branches:
Dungeon (3/15)

Altars:

Shops:
D:1 *


Innate Abilities, Weirdness & Mutations

You have a pair of small antennae on your head.


Message History

An orc comes into view. It is wielding a +0 dagger.
A nearby plant withers and dies.
There is a faded altar of an unknown god here.
Unknown command.
You barely miss the orc.
The orc priest calls down the wrath of Beogh upon you.
Beogh smites you! The orc hits you with a +0 hand axe.
You barely miss the orc priest. You barely miss the orc.
The orc hits you but does no damage.
The orc priest miscasts a cantrip.
You closely miss the orc priest. You hit the orc. You block the orc's attack.
The orc priest invokes the aid of Beogh against you.
Beogh smites you!
* * * LOW HITPOINT WARNING * * *
The orc barely misses you.
A goblin comes into view. It is wielding a +0 dagger.
The orc priest barely misses you.
The goblin shouts!
You closely miss the orc priest. You completely miss the orc.
The orc closely misses you. You block the orc priest's attack.
Unknown command.
Unknown command.
You feel better. The orc barely misses you.
You feel very mighty all of a sudden. The orc hits you with a +0 hand axe.
Unknown command.
You closely miss the orc. You slash the orc!
You kill the orc!
The orc hits you but does no damage.
You hit the orc.
The orc is severely wounded.
Something hits the plant.
The plant begins to die.
The orc closely misses you. You block the orc's attack.
Unknown command.
You hit the orc.
You kill the orc!
An orc comes into view. It is wielding a +0 club.
The orc priest mumbles some strange prayers to Beogh against you.
Beogh smites you!
You die...

##### #.....P.#
#...#.#.oPPPo!###
#.#.#.#P.....P#.#
...#.#.#.##.P....PP.#
...#.#.#.##..P..P...#
>..#.#.#.##...P.....#
...#.#.#.##....o{...#
...#.#.#.######_#####
...#.#<#.##PP..)@...#
#..#.###.##.........#
#.......##.PP.....P#
##.#######.........#
#........#P...PPP#.#
##.######.#.......###
##.........#.....P.##
....#######.##...##.#
............ #...#..#


You could see an orc priest and an orc.

Vanquished Creatures
  An adder (D:2)
  A dart slug (D:1)
  2 orcs (D:3)
  5 endoplasms
  2 giant cockroaches
  3 goblins
  7 hobgoblins
  6 jackals
  4 kobolds
  3 quokkas (D:2)
  3 ball pythons
  3 bats
  3 frilled lizards
  6 rats
49 creatures vanquished.

Vanquished Creatures (others)
  3 demonic plants (D:3)
  2 plants (D:3)
  2 withered plants (D:3)
7 creatures vanquished.

Grand Total: 56 creatures vanquished

Notes
Turn   | Place    | Note
-------+----------+-------------------------------------------
     0 | D:1      | ytrimaz the Demonspawn Fighter began the quest for the Orb.
     0 | D:1      | Reached XP level 1. HP: 18/18 MP: 1/1
   130 | D:1      | Gained mutation: You have a pair of small antennae on your
                  | head. [demonic ancestry]
   130 | D:1      | Reached XP level 2. HP: 9/24 MP: 2/2
   505 | D:1      | Found Ynlehuabac's Assorted Antiques.
   953 | D:2      | Reached XP level 3. HP: 29/30 MP: 3/3
  1371 | D:2      | Reached skill level 4 in Fighting
  1789 | D:3      | Found a faded altar of an unknown god.
  1821 | D:3      | Killed from afar by an orc priest

Illustrated notes

Levels and vault maps discovered:
D:1:      dpeg_arrival_orchard, layout_rooms, serial_shops,
          nicolae_shop_statue_plus
D:2:      layout_loops_ring
D:3:      layout_basic, nemelex_spade_bored_becter, mainiacjoe_overflow_paths,
          grunt_temple_overflow_open, shapermc_ecumenical_altar_gd,
          minmay_misc_feat_alley, serial_park_tiny_1

Skill      XL: |  1  2  3 |
---------------+----------+-----
Shields        | 3 |  3.5
Fighting       | 4 |  4.2
Axes           | |  1.7
Armour         | |  2.6

Action                   || total
-------------------------++-------
Melee: War axe           ||   145
  Use: Scroll            ||     6
       Potion            ||     2
Armor: Scale mail        ||    78
Dodge: Dodged            ||    76
Block: Buckler           ||    42

Table legend: (Time is in decaauts)
 A = Elapsed time spent in this place.
 B = Non-inter-level travel time spent in this place.
 C = Inter-level travel time spent in this place.
 D = Time resting spent in this place.
 E = Time spent auto-exploring this place.
 F = Levels seen in this place.
 G = Mean time per level.
                   A        B        C        D        E       F      G
               +--------+--------+--------+--------+--------+-----+--------+
         Total |   1885 |   1841 |     44 |    167 |   1229 |   3 |  628.3 |
       Dungeon |   1885 |   1841 |     44 |    167 |   1229 |   3 |  628.3 |
               +--------+--------+--------+--------+--------+-----+--------+

Top non-repeatable levels by time:
     D:1: 931 daAuts
     D:2: 846 daAuts
     D:3: 108 daAuts
